Construct Section Command Post
Construct Field Infirmary
Construct Platoon Command Post
Construct Field Infirmary
Selects Heavy Armor Battlegroup
Selects Light Vehicle Withdraw and Refit
6-pounder Anti-tank Gun Team
Construct Company Command Post
Selects Rigorous Vehicle Training
Selects Forward Repair Assembly
6-pounder Anti-tank Gun Team
Selects Churchill Black Prince Heavy Tank
Churchill Black Prince Heavy Tank